 Dungeon Crawl Stone Soup version 0.32-a0-411-g744942f433 (webtiles) character file.

Game seed: 7339524906766826041

8338 CougarLife the Geomancer (level 11, -7/54 HPs)
             Began as a Gargoyle Earth Elementalist on Feb 21, 2024.
             Was an Initiate of Gozag.
             Hit by a large rock thrown by a cyclops (30 damage)
             ... on level 11 of the Dungeon.
             The game lasted 00:11:03 (10212 turns).

CougarLife the Geomancer (GrEE)                    Turns: 10212, Time: 00:11:03

Health: -7/54      AC: 15    Str: 11    XL:     11   Next: 29%
Magic:  21/24      EV: 16    Int: 21    God:    Gozag
Gold:   1465       SH:  0    Dex: 10    Spells: 25/29 levels left

rFire   . . .        (no weapon)
rCold   . . .        (no shield)
rNeg    + . .        A - +1 animal skin
rPois   ∞            (no helmet)
rElec   +            B - +1 cloak
rCorr   .            H - +0 pair of gloves
SInv    +            t - +0 pair of boots
Will    .....        (no amulet)
Stlth   ++           g - +5 ring of evasion
HPRegen 0.29/turn    z - ring of see invisible
MPRegen 0.19/turn

%: no passive effects
@: no status effects
A: sickness immunity, AC +8, negative energy resistance 1, electricity
resistance, torment resistance 1, petrification resistance
a: Renounce Religion, Potion Petition, Call Merchant, Bribe Branch


You were on level 11 of the Dungeon.
You worshipped Gozag.
Gozag was most pleased with you.
You visited 2 branches of the dungeon, and saw 12 of its levels.

You collected 1555 gold pieces.
You paid 90 gold pieces to Gozag.

Inventory:

Hand Weapons
 m - a +1 dagger of venom
Armour
 t - a +0 pair of boots (worn)
 A - a +1 animal skin (worn)
 B - a +1 cloak (worn)
 H - a +0 pair of gloves (worn)
Jewellery
 g - a +5 ring of evasion (left hand)
 z - a ring of see invisible (right hand)
Wands
 j - a wand of roots (4)
 s - a wand of acid (13)
Scrolls
 a - a scroll of noise {unknown}
 e - 4 scrolls of enchant weapon
 f - 7 scrolls of teleportation
 i - 3 scrolls of fog
 k - a scroll of revelation
 n - 2 scrolls of immolation
 p - 2 scrolls of silence {unknown}
 q - a scroll of poison {unknown}
 u - 3 scrolls of torment {unknown}
 x - 3 scrolls of blinking {unknown}
 y - 3 scrolls of vulnerability
 C - a scroll of amnesia {unknown}
 D - a scroll of brand weapon {unknown}
 E - a scroll of identify
 F - a scroll of fear {unknown}
Potions
 b - a potion of magic
 c - a potion of heal wounds
 d - a potion of invisibility {unknown}
 h - 6 potions of curing
 l - 2 potions of resistance
 o - a potion of mutation {unknown}
 r - a potion of haste {unknown}
 v - a potion of berserk rage {unknown}
 w - a potion of might {unknown}
 G - a potion of attraction {unknown}
 I - a potion of enlightenment {unknown}


   Skills:
 - Level 1.5 Dodging
 - Level 2.1 Stealth
 + Level 9.5 Spellcasting
 + Level 10.8 Conjurations
 + Level 12.3 Earth Magic


You had 25 spell levels left.
You knew the following spells:

 Your Spells              Type           Power      Damage    Failure   Level
a - Sandblast             Erth           100%       2d20      1%          1
b - Stone Arrow           Conj/Erth      100%       3d13      1%          3

Your spell library contained the following spells:

 Spells                   Type           Power      Damage    Failure   Level
 Sting                    Conj/Alch      100%       1d9       1%          1
 Passwall                 Erth           58%        N/A       1%          3
 Brom's Barrelling Bould  Conj/Erth      56%        2d7       1%          4
 Petrify                  Alch/Erth      36%        N/A       5%          4
 Call Imp                 Summ           20%        N/A       11%         2
 Ensorcelled Hibernation  Hex/Ice        20%        N/A       11%         2
 Lesser Beckoning         Tloc           20%        N/A       11%         2
 Mercury Vapours          Alch/Air       20%        N/A       11%         2
 Call Canine Familiar     Summ           10%        N/A       21%         3
 Gell's Gravitas          Tloc           10%        N/A       21%         3
 Sigil of Binding         Hex            10%        N/A       21%         3
 Swiftness                Air            10%        N/A       21%         3
 Teleport Other           Tloc           10%        N/A       21%         3
 Dimensional Bullseye     Hex/Tloc       5%         N/A       56%         4
 Olgreb's Toxic Radiance  Alch           10%        N/A       56%         4
 Haunt                    Necr/Summ      5%         N/A       100%        7
 Summon Hydra             Summ           5%         N/A       100%        7
 Infestation              Necr           5%         N/A       100%        8
 Sublimation of Blood     Necr           Unusable   N/A       N/A         2
 Animate Dead             Necr           Unusable   N/A       N/A         4

Dungeon Overview and Level Annotations

Branches:
Dungeon (11/15)            Temple (1/1) D:5            Lair (0/5) D:10
    Orc (0/2) D:9

Altars:
Ashenzari
Cheibriados
Dithmenos
Elyvilon
Fedhas
Gozag
Hepliaklqana
Kikubaaqudgha
Makhleb
Nemelex Xobeh
Okawaru
Qazlal
Ru
Sif Muna
Trog
Uskayaw
Vehumet
Wu Jian
Xom
Yredelemnul
Zin
The Shining One

Shops:
D:8 (   D:10 (

Annotations:
D:9 4 transporters


Innate Abilities, Weirdness & Mutations

You are immune to sickness and miasma.
Your stone body is resilient. (AC +8)
You are immune to poison.
You resist negative energy. (rN+)
You are resistant to electric shocks. (rElec)
You are resistant to unholy torment.
You are immune to petrification.


Message History

I - a bubbling orange potion You see here a +0 robe.
A shadow comes into view.
The blast of sand hits the shadow.
The shadow is moderately damaged.
Casting: Sandblast (safe; 1% risk of failure)
Confirm with . or Enter, or press ? or * to list all spells.
Aiming: Stone Arrow (safe; 1% risk of failure)
Press: ? - help, Shift-Dir - straight line, f/p - shadow
Aim: a shadow (moderately damaged, 78% to hit)
The stone arrow hits the shadow!!
You destroy the shadow!
Casting: Stone Arrow (safe; 1% risk of failure)
Confirm with . or Enter, or press ? or * to list all spells.
You can't see any susceptible monsters within range! (Use Z to cast anyway.) Unknown command.
You now have 1465 gold pieces (gained 8).
Magic restored.
A cyclops comes into view.
A cyclops is nearby!
The cyclops shouts!
The cyclops throws a large rock.
The large rock hits you!!
Ouch! That really hurt!
You see here a book of Misfortune.
You are too injured to fight recklessly!
Casting: Stone Arrow (safe; 1% risk of failure)
Confirm with . or Enter, or press ? or * to list all spells.
You can't see any susceptible monsters within range! (Use Z to cast anyway.)
A cyclops is nearby!
Casting: Stone Arrow (safe; 1% risk of failure)
Confirm with . or Enter, or press ? or * to list all spells.
Aiming: Stone Arrow (safe; 1% risk of failure)
Press: ? - help, Shift-Dir - straight line, f - cyclops
Aim: a cyclops, quivering large rocks (98% to hit)
The stone arrow hits the cyclops!
The cyclops is moderately wounded.
The cyclops throws a large rock.
The large rock hits you!!
Ouch! That really hurt!
You die...
Your body crumbles into a pile of gold.

#..###.......##
#......⌠.....#
#..##.....~P.##
#..##....P~P..#
#......#..P...#
#.##..##+.....# #.##.##
##...##
.#########.##..###......
...C.^.@:...##..#..##.##
##########..###...###.#
#..#####.###.#
#............##
##.#########.#. #.# #.#.
#.. #... ### #######.#.
..^.......


You could see a cyclops.

Vanquished Creatures
  An ugly thing (D:11)
  Maurice (D:8)
  Psyche (D:8)
  A komodo dragon (D:10)
  Prince Ribbit (D:5)
  A hornet (D:9)
  Sigmund (D:5)
  2 shadows
  A vampire (D:10)
  A wraith (D:10)
  A wyvern (D:9)
  A basilisk (D:10)
  11 yaks
  Grum (D:8)
  2 acid dragons
  Edmund (D:5)
  A water moccasin (D:9)
  3 sky beasts
  2 orc warriors (D:9)
  2 wolves (D:8)
  2 ogres
  2 centaurs
  A phantom (D:6)
  2 kobold brigands
  4 bullfrogs
  5 scorpions
  7 wights (D:7)
  4 killer bees (D:10)
  4 howler monkeys
  2 bombardier beetles
  4 jellies
  A gnoll bouda (D:7)
  2 orc priests (D:9)
  5 hounds
  2 sleepcaps
  An iguana (D:5)
  9 orc wizards
  4 adders
  7 gnolls
  4 ufetubi (D:6)
  2 dart slugs
  3 ribbon worms (D:3)
  18 orcs
  10 ball pythons
  6 endoplasms
  2 giant cockroaches (D:1)
  6 hobgoblins
  2 jackals (D:3)
  21 kobolds
  4 quokkas
  3 bats
  A frilled lizard (D:1)
  4 goblins
  6 rats
196 creatures vanquished.

Notes
Turn   | Place    | Note
-------+----------+-------------------------------------------
     0 | D:1      | CougarLife the Gargoyle Earth Elementalist began the quest
                  | for the Orb.
     0 | D:1      | Reached XP level 1. HP: 10/10 MP: 3/3
   150 | D:1      | Found a faded altar of an unknown god.
   172 | D:1      | Reached XP level 2. HP: 15/15 MP: 3/5
   246 | D:1      | Reached skill level 4 in Earth Magic
   576 | D:1      | Reached XP level 3. HP: 18/19 MP: 3/6
  1531 | D:2      | Reached XP level 4. HP: 24/24 MP: 6/8
  2125 | D:3      | Found a faded altar of an unknown god.
  2125 | D:3      | Found the Hermit's Pendant {Faith Invo=14 Evo=0 MP+5}
  2127 | D:3      | Noticed a scorpion
  2131 | D:3      | Killed a scorpion
  2132 | D:3      | Reached XP level 5. HP: 28/28 MP: 6/9
  2329 | D:3      | Reached skill level 5 in Earth Magic
  2792 | D:3      | Found a snail-covered altar of Cheibriados.
  2799 | D:3      | Reached XP level 6. HP: 32/32 MP: 7/11
  2901 | D:3      | Learned a level 3 spell: Stone Arrow
  3801 | D:5      | Entered Level 5 of the Dungeon
  3830 | D:5      | Noticed Prince Ribbit
  3835 | D:5      | Killed Prince Ribbit
  3836 | D:5      | Reached skill level 6 in Earth Magic
  3836 | D:5      | Reached XP level 7. HP: 13/36 MP: 6/13
  4025 | D:5      | Noticed Edmund
  4039 | D:5      | Killed Edmund
  4040 | D:5      | Reached skill level 5 in Conjurations
  4183 | D:5      | Reached skill level 5 in Spellcasting
  4183 | D:5      | Reached skill level 7 in Earth Magic
  4183 | D:5      | Reached XP level 8. HP: 41/41 MP: 2/15
  4434 | D:5      | Noticed Sigmund
  4435 | D:5      | Found a staircase to the Ecumenical Temple.
  4445 | D:5      | Killed Sigmund
  4451 | Temple   | Entered the Ecumenical Temple
  4535 | Temple   | Became a worshipper of Gozag Ym Sagoz the Greedy
  4568 | D:5      | Found a white marble altar of Elyvilon.
  4595 | D:5      | Found a shimmering blue altar of Sif Muna.
  4595 | D:5      | Found a broken altar of Ashenzari.
  5142 | D:6      | Reached skill level 8 in Earth Magic
  5465 | D:6      | Found a sacrificial altar of Ru.
  5718 | D:7      | Reached XP level 9. HP: 11/45 MP: 5/18
  5939 | D:7      | Reached skill level 9 in Earth Magic
  6294 | D:7      | Found a shadowy altar of Dithmenos.
  6516 | D:7      | Found a blossoming altar of Fedhas.
  6821 | D:8      | Reached skill level 10 in Earth Magic
  6890 | D:8      | Noticed Grum
  6894 | D:8      | Killed Grum
  6944 | D:8      | Noticed Psyche
  6949 | D:8      | Killed Psyche
  6950 | D:8      | Reached XP level 10. HP: 50/50 MP: 13/21
  7074 | D:8      | Found Zexauj's Weapon Emporium.
  7202 | D:8      | Noticed Maurice
  7206 | D:8      | Killed Maurice
  7657 | D:9      | Found a transporter.
  7658 | D:9      | Found a transporter.
  7662 | D:9      | Found a transporter.
  7679 | D:9      | Found a transporter.
  7956 | D:9      | Reached skill level 11 in Earth Magic
  8069 | D:9      | Found a staircase to the Orcish Mines.
  8244 | D:9      | Reached skill level 10 in Conjurations
  8503 | D:10     | Entered Level 10 of the Dungeon
  8695 | D:10     | Found a staircase to the Lair.
  8698 | D:10     | Reached XP level 11. HP: 54/54 MP: 14/24
  8837 | D:10     | Reached skill level 12 in Earth Magic
  9216 | D:10     | Found Xydgh's Antique Weapon Shop.
  9826 | D:11     | Noticed a cyan ugly thing
  9836 | D:11     | Killed a cyan ugly thing
 10209 | D:11     | Noticed a cyclops
 10212 | D:11     | Hit by a large rock thrown by a cyclops

Illustrated notes

Levels and vault maps discovered:
D:1:      wander_arrival_estate, layout_loops_corners,
          chequers_ecumenical_altar_simple, minmay_parallelograms,
          chequers_avenue, grunt_decor_fettered, solitary_fountain,
          minmay_pentomino_v2
D:2:      layout_loops_ring
D:3:      layout_loops_cross, slow_altar_2, hellmonk_guarded_unrand_hermit
D:4:      layout_loops_ring, minmay_pentomino_pile
D:5:      layout_gridville, gammafunk_temple_overflow_statue,
          mainiacjoe_overflow_catwalk, minmay_temple_entry_waves, uniq_sigmund,
          uniq_prince_ribbit1, uniq_edmund
D:6:      layout_basic, old_standard_altar, grunt_tough_drop
D:7:      layout_rooms, nicolae_overflow_crystal_walls,
          fedhas_altar_decomposition
D:8:      layout_loops_cross, serial_shops, shop, uniq_grum, uniq_psyche,
          uniq_maurice
D:9:      layout_rooms, david_orc_3, nicolae_transporter_circle
D:10:     layout_roguey, david_lair_shrubbed, serial_shops, kennysheep_mini,
          hangedman_abyss_or_decor_clamps
D:11:     layout_loops_ring, tso_oasis_becter
Temple:   regret_index_temple_waves

Skill      XL: |  1  2  3  4  5  6  7  8  9 10 11 |
---------------+----------------------------------+-----
Earth Magic    | 4 5 6 7 8 10 11 12 | 12.3
Conjurations   | 2 3 4 5 7 8 10 | 10.8
Spellcasting   | 3 4 5 6 7 9 |  9.5
Dodging        | |  1.5
Stealth        | |  2.1

Action                     |  1- 3 |  4- 6 |  7- 9 | 10-12 || total
---------------------------+-------+-------+-------+-------++-------
  Melee: Dagger            |     8 |    15 |    13 |    11 ||    47
         Unarmed           |     1 |       |       |       ||     1
   Cast: Sandblast         |    36 |    72 |   101 |    99 ||   308
         Stone Arrow       |       |     1 |    25 |    35 ||    61
    Use: Scroll            |       |       |       |    10 ||    10
   Stab: Distracted        |       |       |       |     1 ||     1
 Armour: Robe              |    11 |    19 |    34 |       ||    64
         Animal skin       |       |       |       |    33 ||    33
  Dodge: Dodged            |     8 |    32 |    60 |    72 ||   172

Table legend: (Time is in decaauts)
 A = Elapsed time spent in this place.
 B = Non-inter-level travel time spent in this place.
 C = Inter-level travel time spent in this place.
 D = Time resting spent in this place.
 E = Time spent auto-exploring this place.
 F = Levels seen in this place.
 G = Mean time per level.
                   A        B        C        D        E       F      G
               +--------+--------+--------+--------+--------+-----+--------+
         Total |  10364 |  10044 |    320 |   1790 |   6694 |  12 |  863.7 |
       Dungeon |  10250 |   9985 |    265 |   1735 |   6694 |  11 |  931.8 |
        Temple |    114 |     59 |     55 |     55 |      0 |   1 |  114.0 |
               +--------+--------+--------+--------+--------+-----+--------+

Top non-repeatable levels by time:
    D:10: 1302 daAuts
     D:1: 1128 daAuts
     D:9: 1118 daAuts
     D:5: 1107 daAuts
     D:3: 1051 daAuts
     D:4: 889 daAuts
     D:7: 865 daAuts
     D:6: 816 daAuts
     D:2: 781 daAuts
     D:8: 767 daAuts
    D:11: 421 daAuts
  Temple: 114 daAuts
